 Dungeon Crawl Stone Soup version 0.31-a0-1166-gae6a2ec (webtiles) character file.

Game seed: 6033191899279588518

1110 MalacsCross the Magician (level 8, 61/61 HPs)
             Began as a Djinni Earth Elementalist on Nov 26, 2023.
             Quit the game in the Ecumenical Temple on Dec 9, 2023.
             The game lasted 00:32:43 (3450 turns).

MalacsCross the Magician (DjEE)                     Turns: 3450, Time: 00:32:43

Health: 61/61      AC:  3    Str:  7    XL:     8   Next: 59%
Gold:   202        EV: 12    Int: 19    God:
                   SH:  0    Dex: 14

rFire   + + .        d - +0 sling
rCold   x . .        (no shield)
rNeg    . . .        a - +0 robe
rPois   ∞            x - +0 helmet
rElec   .            (no cloak)
rCorr   .            (no gloves)
SInv    +            (boots unavailable)
Will    .....        m - amulet of regeneration
Stlth   ++           r - ring of see invisible
HPRegen 1.10/turn    (no ring)
MPRegen 0.00/turn

%: no passive effects
@: flying
A: sickness immunity, fire resistance 2, cold vulnerability 1, float, innate
caster, HP casting, extra vitality 1
a: no special abilities


You were in the Ecumenical Temple.
You visited 2 branches of the dungeon, and saw 7 of its levels.

You collected 384 gold pieces.
You spent 182 gold pieces at shops.

Inventory:

Hand Weapons
 d - a +0 sling (weapon)
 e - a +0 mace
 g - a +0 dagger
 o - a +0 short sword
 y - a +0 war axe
 G - a +0 halberd
Missiles
 i - 35 stones
 v - 13 poisoned darts
Armour
 a - a +0 robe (worn)
 x - a +0 helmet (worn)
Magical Staves
 w - a staff of air
Jewellery
 h - an amulet of guardian spirit
 m - an amulet of regeneration (around neck)
 r - a ring of see invisible (left hand)
 C - a ring of see invisible
 L - a ring of fire
 N - a ring of poison resistance
Talismans
 P - a serpent talisman
Wands
 s - a wand of charming (19)
 H - a wand of polymorph (4)
 K - a wand of mindburst (10)
Scrolls
 b - 6 scrolls of identify {unknown}
 c - a scroll of poison {unknown}
 f - 2 scrolls of amnesia {unknown}
 k - 2 scrolls of enchant weapon {unknown}
 z - a scroll of immolation {unknown}
 A - a scroll of revelation {unknown}
 B - a scroll of vulnerability {unknown}
 I - a scroll of noise {unknown}
 J - a scroll of enchant armour {unknown}
 O - a scroll of teleportation {unknown}
Potions
 j - 2 potions of heal wounds
 l - 5 potions of curing {unknown}
 n - a potion of mutation {unknown}
 p - a potion of brilliance {unknown}
 q - a potion of attraction {unknown}
 t - a potion of might {unknown}
 u - 2 potions of magic {unknown}
 D - a potion of invisibility
 E - a potion of enlightenment {unknown}
 F - a potion of haste {unknown}
 M - a potion of lignification {unknown}


   Skills:
 * Level 5.7 Fighting
 - Level 0.4 Ranged Weapons
 - Level 2.1 Dodging
 + Level 2.7 Stealth
 * Level 6.0 Spellcasting
 * Level 6.0 Conjurations
 * Level 6.0 Hexes
 * Level 6.0 Summonings
 * Level 6.0 Necromancy
 * Level 6.0 Translocations
 * Level 6.0 Transmutations
 * Level 6.0 Fire Magic
 * Level 6.0 Ice Magic
 * Level 6.0 Air Magic
 * Level 6.0 Earth Magic
 * Level 6.0 Poison Magic


You knew the following spells:

 Your Spells              Type           Power      Damage    Failure   Level
a - Sandblast             Erth           56%        2d13      1%          1
b - Passwall              Tmut/Erth      23%        N/A       1%          2
c - Stone Arrow           Conj/Erth      56%        3d10      2%          3
d - Petrify               Tmut/Erth      28%        N/A       10%         4
e - Brom's Barrelling Bo  Conj/Erth      28%        2d5       10%         4
f - Foxfire               Conj/Fire      100%       2x1d9     1%          1
g - Poisonous Vapours     Pois/Air       56%        N/A       1%          2
h - Hailstorm             Conj/Ice       28%        3d8       2%          3
Your spell library was empty.

Dungeon Overview and Level Annotations

Branches:
Dungeon (6/15)             Temple (1/1) D:6

Altars:
Cheibriados
Dithmenos
Elyvilon
Fedhas
Hepliaklqana
Makhleb
Nemelex Xobeh
Okawaru
Qazlal
Ru
Uskayaw
Yredelemnul
Zin
The Shining One

Shops:
D:1 [   D:5 !

Annotations:
D:3 3 runed translucent doors, SuckSex's ghost, amateur OpSh


Innate Abilities, Weirdness & Mutations

You are immune to sickness and miasma.
You are immune to poison.
Your flesh is very heat resistant. (rF++)
You are vulnerable to cold. (rC-)
You float through the air rather than walking.
You learn spells naturally, not from books.
Your magical power is your life essence.
You have superior vitality. (+4 MHP)


Message History

Casting: Hailstorm (dangerous; 2% risk of failure)
Press: ? - help, Dir - look around, f - activate A cannonade of hail descends around you!
The hail pelts the hound!
The hound is severely wounded.
Casting: Hailstorm (dangerous; 2% risk of failure)
Confirm with . or Enter, or press ? or * to list all spells.
Aiming: Stone Arrow (dangerous; 2% risk of failure)
Press: ? - help, Shift-Dir - straight line, f - hound
Aim: a hound (severely wounded, very poisoned, 60% to hit)
The stone arrow hits the hound!
You kill the hound!
You now have 202 gold pieces (gained 15).
As you open the door, it creaks loudly!
Found a staircase to the Ecumenical Temple.
There is an open door here.
There is a staircase to the Ecumenical Temple here.
You fly downwards.
Welcome to the Ecumenical Temple!
Found a stormy altar of Qazlal.
Found a staircase back to the Dungeon.
There is a staircase back to the Dungeon here.
Found two altars.
Found a sparkling altar of Nemelex Xobeh.
Found a blossoming altar of Fedhas.
Found a radiant altar of Vehumet.
Found a sacrificial altar of Ru.
There is a radiant altar of Vehumet here.
You hover solemnly before the altar of Vehumet.
Vehumet does not accept worship from those such as you!
Found a shimmering blue altar of Sif Muna.
Found a basalt altar of Yredelemnul.
Found a hazy altar of Hepliaklqana.
There is a shimmering blue altar of Sif Muna here.
You hover solemnly before the altar of Sif Muna.
Sif Muna does not accept worship from those such as you!
Saving game... please wait.
Welcome back, MalacsCross the Djinni Earth Elementalist.
Press ? for a list of commands and other information.
Welcome back, MalacsCross the Djinni Earth Elementalist.
Press ? for a list of commands and other information.
Are you sure you want to abandon this character and quit the game? (Confirm with "yes".)

....<....#
.##...##.##
..##.##...#
_......._.#
..#...#...#####
.##._.##.##...#
..#...#....._.#####
_.#####._.#...#...#
..........##....@.#
###._.#####...#...#
.##...##...._.#####
..#####...#...#
_......._.#####
..#...#...#
###._.##### #...#
#####


There were no monsters in sight!

Vanquished Creatures
  Duvessa (D:5)
  A water moccasin (D:5)
  An ogre (D:4)
  Blork the orc (D:6)
  3 scorpions
  Dowan (D:5)
  6 hounds
  4 jellies
  11 adders
  A shadow imp (D:5)
  2 white imps
  2 ufetubi (D:5)
  A worm (D:2)
  3 dart slugs
  An orc (D:5)
  6 ball pythons
  5 endoplasms (D:1)
  3 giant cockroaches
  5 goblins
  3 hobgoblins
  9 jackals
  6 quokkas
  5 bats (D:1)
  5 frilled lizards
  5 kobolds
  5 rats
96 creatures vanquished.

Vanquished Creatures (others)
  145 foxfires
145 creatures vanquished.

Grand Total: 241 creatures vanquished

Notes
Turn   | Place    | Note
-------+----------+-------------------------------------------
     0 | D:1      | MalacsCross the Djinni Earth Elementalist began the quest
                  | for the Orb.
     0 | D:1      | MalacsCross set off with the following spells memorised:
                  | Sandblast, Passwall, Stone Arrow, Petrify, Brom's
                  | Barrelling Boulder.
     0 | D:1      | Reached XP level 1. HP: 15/15 MP: 0/0
     0 | D:1      | Upgraded the game from 0.31-a0-1072-g202bf7e to
                  | 0.31-a0-1110-gab28811
    37 | D:1      | Found Motwamus's Armour Shoppe.
    81 | D:1      | Reached XP level 2. HP: 22/22 MP: 0/0
   123 | D:1      | Reached skill level 1 in Fighting
   192 | D:1      | Reached XP level 3. HP: 22/27 MP: 0/0
   192 | D:1      | Learned a level 1 spell: Foxfire
   223 | D:1      | You are sucked into a shaft and drop 1 floor!
   388 | D:2      | Reached XP level 4. HP: 33/33 MP: 0/0
   924 | D:1      | Found a faded altar of an unknown god.
  1081 | D:1      | Reached XP level 5. HP: 38/38 MP: 0/0
  1081 | D:1      | Learned a level 2 spell: Poisonous Vapours
  1215 | D:3      | Found a runed translucent gate.
  1217 | D:3      | Found a runed translucent gate.
  1297 | D:3      | Upgraded the game from 0.31-a0-1110-gab28811 to
                  | 0.31-a0-1111-ga3525b8
  1438 | D:3      | Found a runed translucent gate.
  1440 | D:3      | Noticed SuckSex's ghost (amateur OpSh)
  1819 | D:4      | Reached XP level 6. HP: 45/45 MP: 0/0
  1931 | D:4      | Reached XP level 7. HP: 50/50 MP: 0/0
  1931 | D:4      | Learned a level 3 spell: Hailstorm
  2141 | D:4      | Reached skill level 5 in Spellcasting
  2141 | D:4      | Reached skill level 5 in Conjurations
  2141 | D:4      | Reached skill level 5 in Hexes
  2141 | D:4      | Reached skill level 5 in Summonings
  2141 | D:4      | Reached skill level 5 in Necromancy
  2141 | D:4      | Reached skill level 5 in Translocations
  2141 | D:4      | Reached skill level 5 in Transmutations
  2141 | D:4      | Reached skill level 5 in Fire Magic
  2141 | D:4      | Reached skill level 5 in Ice Magic
  2141 | D:4      | Reached skill level 5 in Air Magic
  2141 | D:4      | Reached skill level 5 in Earth Magic
  2141 | D:4      | Reached skill level 5 in Poison Magic
  2146 | D:4      | Found a shadowy altar of Dithmenos.
  2308 | D:5      | Entered Level 5 of the Dungeon
  2308 | D:5      | Found Rerunwuf's Distillery.
  2320 | D:5      | Bought a potion of heal wounds for 70 gold pieces
  2320 | D:5      | Bought a potion of invisibility for 112 gold pieces
  2403 | D:5      | Noticed a water moccasin
  2408 | D:5      | Killed a water moccasin
  2625 | D:5      | Noticed Duvessa
  2640 | D:5      | Killed Duvessa
  2641 | D:5      | Reached XP level 8. HP: 42/58 MP: 0/0
  2650 | D:5      | Noticed Dowan
  2658 | D:5      | Killed Dowan
  2664 | D:5      | Found a hide-covered altar of Uskayaw.
  2796 | D:5      | Got the Guidebook on Reformation and the Xenolith
  3105 | D:6      | Noticed Blork the orc
  3112 | D:6      | Killed Blork the orc
  3113 | D:6      | Reached skill level 5 in Fighting
  3414 | D:6      | Found a staircase to the Ecumenical Temple.
  3425 | Temple   | Entered the Ecumenical Temple
  3450 | Temple   | Upgraded the game from 0.31-a0-1111-ga3525b8 to
                  | 0.31-a0-1166-gae6a2ec
  3450 | Temple   | Quit the game

Illustrated notes

Levels and vault maps discovered:
D:1:      scummos_arrival_forest, layout_rooms, serial_shops,
          nicolae_shop_stone, ebering_ecumenical_altar_hall
D:2:      layout_loops_ring, minivault_14
D:3:      layout_loops_ring, ebering_ghost_rock_garden,
          kennysheep_generic_room_14
D:4:      layout_cave_pools, mainiacjoe_overflow_alcove_2
D:5:      layout_loops_ring, eat_drink_and_be_merry_uskayaw, serial_shops,
          nicolae_stop_n_shop_1, uniq_duvessa
D:6:      layout_gridville, temple_statues, uniq_blork_the_orc
Temple:   eino_wide_crystal_templ

Skill      XL: |  1  2  3  4  5  6  7  8 |
---------------+-------------------------+-----
Spellcasting   | 4 5 6 |  6.0
Conjurations   | 4 5 6 |  6.0
Hexes          | 4 5 6 |  6.0
Summonings     | 4 5 6 |  6.0
Necromancy     | 4 5 6 |  6.0
Translocations | 4 5 6 |  6.0
Transmutations | 4 5 6 |  6.0
Fire Magic     | 4 5 6 |  6.0
Ice Magic      | 4 5 6 |  6.0
Air Magic      | 4 5 6 |  6.0
Earth Magic    | 4 5 6 |  6.0
Poison Magic   | 4 5 6 |  6.0
Fighting       | 1 2 3 4 5 |  5.7
Stealth        | 2 |  2.7
Ranged Weapons | |  0.4
Dodging        | |  2.1

Action                     |  1- 3 |  4- 6 |  7- 9 || total
---------------------------+-------+-------+-------++-------
   Fire: Sling             |    18 |    31 |     4 ||    53
   Cast: Sandblast         |    39 |    33 |     1 ||    73
         Foxfire           |       |    41 |    39 ||    80
         Poisonous Vapours |       |     4 |    12 ||    16
         Hailstorm         |       |       |    10 ||    10
         Stone Arrow       |       |       |     9 ||     9
 Armour: Robe              |     7 |     8 |     4 ||    19
  Dodge: Dodged            |    13 |    11 |     3 ||    27

Table legend: (Time is in decaauts)
 A = Elapsed time spent in this place.
 B = Non-inter-level travel time spent in this place.
 C = Inter-level travel time spent in this place.
 D = Time resting spent in this place.
 E = Time spent auto-exploring this place.
 F = Levels seen in this place.
 G = Mean time per level.
                   A        B        C        D        E       F      G
               +--------+--------+--------+--------+--------+-----+--------+
         Total |   3504 |    649 |   2855 |     83 |      0 |   7 |  500.6 |
       Dungeon |   3479 |    648 |   2831 |     83 |      0 |   6 |  579.8 |
        Temple |     24 |      0 |     24 |      0 |      0 |   1 |   24.0 |
               +--------+--------+--------+--------+--------+-----+--------+

Top non-repeatable levels by time:
     D:5: 797 daAuts
     D:2: 709 daAuts
     D:3: 611 daAuts
     D:4: 534 daAuts
     D:1: 507 daAuts
     D:6: 319 daAuts
  Temple: 24 daAuts
